 Dungeon Crawl Stone Soup version 0.13.1-19-g4b9377e (webtiles) character file.

57904 Kae the Slingshot (level 15, -6/103 HPs)
             Began as a Halfling Hunter on Dec 21, 2013.
             Was a High Priest of Okawaru.
             Mangled by a death yak (26 damage)
             ... on Level 7 of the Lair of Beasts.
             The game lasted 01:39:30 (25781 turns).

Kae the Slingshot (Halfling Hunter)                Turns: 25781, Time: 01:39:31

HP  -6/103       AC  8     Str  9      XL: 15   Next: 23%
MP  15/15        EV 37     Int 11      God: Okawaru [*****.]
Gold 1236        SH  0     Dex 24      Spells:  0 memorised, 14 levels left

Res.Fire  : . . .   See Invis. : .   b - +5 sling
Res.Cold  : . . .   Warding    : +   E - +3 robe of Clouds {+Fly rElec}
Life Prot.: + . .   Conserve   : .   (no shield)
Res.Poison: +       Res.Corr.  : .   (no helmet)
Res.Elec. : +       Clarity    : .   y - +2 orc cloak (curse)
Sust.Abil.: . .     Spirit.Shd : .   (no gloves)
Res.Mut.  : .       Stasis     : .   (no boots)
Res.Rott. : .       Flight     : .   x - amulet of warding
Saprovore : . . .                    e - ring of poison resistance
                                     o - ring of protection from magic

@: burdened, heroism, slow, quite resistant to hostile enchantments, stealthy
A: +10% mp, mutation resistance 1, slow metabolism 1
a: Heroism, Finesse, Renounce Religion, Evoke Flight


You were on level 7 of the Lair of Beasts.
You worshipped Okawaru.
Okawaru was extremely pleased with you.
You were encumbered.
You were hungry.

You visited 3 branches of the dungeon, and saw 22 of its levels.
You also visited: Bailey.

You collected 1216 gold pieces.

Inventory:

Hand weapons
 b - a +5,+5 sling (weapon)
 r - a +2,+2 sling of flame
Missiles
 C - 3 sling bullets (quivered)
 F - 9 sling bullets of flame
 I - 3 silver sling bullets
 S - 7 steel sling bullets
Armour
 y - a cursed +2 orcish cloak (worn)
 E - the cursed +3 robe of Clouds (worn) {+Fly rElec}
   (You found it on level 4 of the Dungeon)

   It insulates you from electricity.
   It lets you fly.
   It has a curse placed upon it.
 U - a +0 cloak
Magical devices
 k - a wand of digging (9)
 s - a wand of frost (14)
 P - a wand of fire (2)
 Q - a wand of frost (12)
Comestibles
 f - 15 strawberries
 l - 2 apples
 n - 5 bread rations
 t - a royal jelly
 v - a pear
 H - a meat ration
 T - 11 honeycombs
Scrolls
 a - 5 scrolls of identify
 c - 2 scrolls of blinking
 h - a scroll of enchant weapon II
 q - 3 scrolls of fear
 u - a scroll of torment
 z - a scroll of enchant armour
 J - 3 scrolls of magic mapping
 K - a scroll of recharging
 N - 2 scrolls of fog
 O - 7 scrolls of teleportation
 R - 2 scrolls of remove curse
Jewellery
 e - a ring of poison resistance (right hand)
 o - a ring of protection from magic (left hand)
 x - an amulet of warding (around neck)
Potions
 d - 2 potions of cure mutation
 g - 3 potions of brilliance
 i - 3 potions of restore abilities
 j - a potion of flight
 m - a potion of magic
 p - 3 potions of might
 w - 8 potions of curing
 D - 2 potions of heal wounds
 L - 2 potions of resistance
 M - a potion of berserk rage


   Skills:
 + Level 12.2(17.2) Fighting
 - Level 22.4(27) Slings
 + Level 15.4(20.4) Dodging
 - Level 1.3(6.3) Stealth


You had 14 spell levels left.
You didn't know any spells.

Dungeon Overview and Level Annotations

Branches:
Dungeon (13/27)            Temple (1/1) D:7             Orc (0/4) D:10
   Lair (8/8) D:12          Swamp (0/5) Lair:5       Spider (0/5) Lair:6
  Slime (0/6) Lair:6

Altars:
Ashenzari
Cheibriados
Elyvilon
Fedhas
Kikubaaqudgha
Makhleb
Nemelex Xobeh
Okawaru
Sif Muna
Trog
Vehumet
Xom
Yredelemnul
Zin
the Shining One

Annotations:
D:11 Nergalle
Lair:6 exclusion: oklob plant


Innate Abilities, Weirdness & Mutations

You are small and have problems with some larger weapons.
You are somewhat resistant to further mutation.
You have a slow metabolism.
You have an increased reservoir of magic (+10% MP).


Message History

Firing (i - inventory. (,) - cycle):
C - 6 sling bullets (quivered)
Press: ? - help, Shift-Dir - straight line, f/p - death yak
Aim: a death yak (moderately wounded)
You shoot a sling bullet. The sling bullet hits the death yak.
The death yak is moderately wounded.
The death yak completely misses you.
Firing (i - inventory. (,) - cycle):
C - 5 sling bullets (quivered)
Press: ? - help, Shift-Dir - straight line, f/p - death yak
Aim: a death yak (moderately wounded)
You shoot a sling bullet. The sling bullet hits the death yak.
The death yak is heavily wounded.
The death yak gores you!
* * * LOW HITPOINT WARNING * * *
Firing (i - inventory. (,) - cycle):
C - 4 sling bullets (quivered)
Press: ? - help, Shift-Dir - straight line, f/p - death yak
Aim: a death yak (heavily wounded)
You shoot a sling bullet. The sling bullet hits the death yak.
The death yak is heavily wounded.
The death yak gores you!
You die...

.......f.....................<..#
...............................#.
................####........P...#
................## ###..≈......##
................P## ##.P..f..##
.............P....## #.##.≈###
..............≈..#§# ####..##
...........##.f....# ###≈#
................@Y.# #.#
..............§§§.P# ####.##
...............§§§## #.###.###
...................# #..###≈.#
...................# #.#.####.
...................# ##.#.###.
...................## ##..##.#
...≈............###.## ##.≈.##
...............#####.## ##.###


You could see a death yak.

Vanquished Creatures
  The ghost of Zapata the Slicer, a powerful KoBe of Trog (Lair:6)
  6 hydras
  The ghost of Vidiiot the Slicer, a powerful OpAs of Fedhas (Lair:1)
  4 death yaks
  Urug (D:13)
  2 centaur warriors (D:13)
  The ghost of Chiseanne the Ducker, an experienced TrDK of Yredelemnul (D:7)
  Erolcha (D:12)
  An unseen horror (D:10)
  3 hill giants
  5 orc knights (Bailey)
  A lindwurm (Lair:6)
  Joseph (D:7)
  3 cyclopes
  A black mamba (Lair:3)
  3 elephants (Lair:4)
  9 spiny frogs
  4 fire drakes
  An item mimic (Lair:4)
  8 komodo dragons
  Grinder (D:6)
  5 trolls
  A queen bee (Lair:2)
  A two-headed ogre (D:10)
  5 slime creatures
  3 giant leeches (Lair:5)
  14 blink frogs
  A griffon zombie (D:12)
  A basilisk (Lair:1)
  2 ugly things (D:13)
  A griffon skeleton (D:13)
  4 trapdoor spiders (Lair:6)
  2 water elementals (D:12)
  26 yaks
  4 elephant slugs
  Eustachio (D:4)
  4 wyverns
  2 sharks (D:12)
  A hill giant skeleton (D:8)
  8 hippogriffs
  32 wolves
  A soldier ant (D:13)
  Edmund (D:7)
  A swamp worm (Lair:5)
  A mottled dragon (Lair:4)
  5 sky beasts
  13 orc warriors
  9 porcupines
  4 phantoms
  9 ogres
  2 ice beasts
  7 centaurs
  3 giant goldfish (D:12)
  A boring beetle (Lair:7)
  2 big kobolds
  19 crocodiles
  12 water moccasins
  9 giant slugs
  4 agate snails
  18 giant frogs
  A wyvern zombie (D:12)
  33 killer bees
  2 jellyfish (D:12)
  5 electric eels
  2 quasits
  3 wights (D:9)
  2 goliath beetles
  A basilisk zombie (D:13)
  6 crimson imps
  14 hounds
  3 orc priests
  2 jellies
  3 big fish (D:12)
  A black bear skeleton (D:7)
  5 orc wizards
  A two-headed ogre skeleton (D:9)
  6 iguanas
  An orange rat (D:8)
  7 scorpions
  14 worker ants
  17 sheep
  Ijyb (D:2)
  An ogre zombie (D:8)
  A big kobold skeleton (D:8)
  A mummy (D:8)
  A worker ant zombie (D:8)
  27 adders
  4 gnolls
  92 green rats
  A lemure (D:4)
  7 giant centipedes
  6 giant mites
  5 worms
  An adder zombie (D:7)
  A scorpion zombie (D:5)
  2 iguana zombies
  An ooze (D:4)
  60 orcs
  5 giant cockroaches
  13 goblins
  4 grey rats (D:8)
  17 hobgoblins
  21 kobolds
  12 quokkas
  33 bats
  7 giant geckos
  2 giant newts
  2 hobgoblin skeletons
  15 jackals
  An orc skeleton (D:9)
  A quokka skeleton (D:7)
  30 rats
  2 fungi
  4 plants
807 creatures vanquished.

Vanquished Creatures (others)
  A plant (Lair:8)
1 creature vanquished.

Grand Total: 808 creatures vanquished

Notes
Turn   | Place    | Note
--------------------------------------------------------------
     0 | D:1      | Kae, the Halfling Hunter, began the quest for the Orb.
     0 | D:1      | Reached XP level 1. HP: 14/14 MP: 0/0
    25 | D:1      | Reached skill level 6 in Slings
   142 | D:1      | Reached XP level 2. HP: 17/19 MP: 1/1
   615 | D:1      | Reached skill level 7 in Slings
   615 | D:1      | Reached XP level 3. HP: 24/24 MP: 2/2
  1156 | D:1      | Reached XP level 4. HP: 26/29 MP: 3/3
  1249 | D:2      | Noticed Ijyb
  1257 | D:2      | Killed Ijyb
  1257 | D:2      | Reached skill level 8 in Slings
  1962 | D:2      | Reached XP level 5. HP: 34/34 MP: 4/4
  2174 | D:3      | Reached skill level 9 in Slings
  2416 | D:3      | Found a shattered altar of Ashenzari.
  2510 | D:3      | Found a glowing silver altar of Zin.
  2975 | D:4      | Reached XP level 6. HP: 37/39 MP: 5/5
  3041 | D:4      | Noticed an ogre
  3047 | D:4      | Killed an ogre
  3047 | D:4      | Reached skill level 10 in Slings
  3340 | D:4      | Noticed Eustachio
  3389 | D:4      | Killed Eustachio
  3389 | D:4      | Reached skill level 11 in Slings
  3389 | D:4      | Reached XP level 7. HP: 20/44 MP: 6/6
  3657 | D:4      | Noticed a centaur
  3663 | D:4      | Killed a centaur
  3663 | D:4      | Reached skill level 12 in Slings
  3776 | D:4      | Noticed an ogre
  3786 | D:4      | Killed an ogre
  4139 | D:5      | Entered Level 5 of the Dungeon
  4178 | D:5      | Reached XP level 8. HP: 49/49 MP: 7/7
  4579 | D:5      | Reached skill level 13 in Slings
  4885 | D:6      | Noticed Grinder
  4894 | D:6      | Killed Grinder
  4894 | D:6      | Reached skill level 14 in Slings
  4989 | D:6      | Found a sparkling altar of Nemelex Xobeh.
  5147 | D:6      | Found a shimmering altar of Xom.
  5196 | D:6      | Reached skill level 15 in Slings
  5196 | D:6      | Reached XP level 9. HP: 33/54 MP: 8/8
  5563 | D:7      | Noticed Edmund
  5642 | D:7      | Found a deep blue altar of Sif Muna.
  5643 | D:7      | Found a white marble altar of Elyvilon.
  5853 | D:7      | Reached skill level 16 in Slings
  6020 | D:7      | Noticed Joseph
  6021 | D:7      | Found a staircase to the Ecumenical Temple.
  6102 | D:7      | Found a glowing golden altar of the Shining One.
  6413 | D:8      | Reached skill level 17 in Slings
  6624 | D:7      | Noticed Chiseanne's ghost (experienced TrDK)
  6630 | Temple   | Entered the Ecumenical Temple
  6642 | Temple   | Became a worshipper of Warmaster Okawaru
  6741 | D:7      | Killed Chiseanne's ghost
  6741 | D:7      | Acquired Okawaru's first power
  6741 | D:7      | Reached skill level 18 in Slings
  6741 | D:7      | Reached XP level 10. HP: 36/60 MP: 9/9
  6766 | D:7      | Killed Joseph
  6766 | D:7      | Reached skill level 19 in Slings
  6790 | D:7      | Killed Edmund
  7744 | D:8      | Gained mutation: You have an increased reservoir of magic (+10% MP). [potion of mutation]
  8173 | D:9      | Reached skill level 1 in Fighting
  8602 | D:9      | Reached XP level 11. HP: 37/66 MP: 11/11
  8694 | D:9      | Found a glowing golden altar of the Shining One.
  8900 | D:10     | Entered Level 10 of the Dungeon
  8969 | D:10     | Noticed a hill giant
  8976 | D:10     | Killed a hill giant
  8976 | D:10     | Reached skill level 20 in Slings
  8976 | D:10     | Reached skill level 5 in Dodging
  9533 | D:10     | Found a staircase to the Orcish Mines.
  9570 | D:10     | Killed an unseen horror
 10175 | D:11     | Noticed Nergalle
 10175 | D:11     | Noticed a cyclops
 10285 | D:11     | Killed a cyclops
 11011 | D:11     | Received a gift from Okawaru
 11416 | D:11     | Noticed a hill giant
 11434 | D:11     | Killed a hill giant
 11434 | D:11     | Received a gift from Okawaru
 11434 | D:11     | Reached skill level 5 in Fighting
 11729 | D:12     | Found a staircase to the Lair.
 11796 | D:12     | Received a gift from Okawaru
 11796 | D:12     | Reached XP level 12. HP: 54/76 MP: 9/12
 12267 | D:12     | Noticed a centaur warrior
 12268 | D:12     | Noticed a cyclops
 12303 | D:12     | Noticed a cyclops
 12312 | D:12     | Killed a cyclops
 12312 | D:12     | Received a gift from Okawaru
 12312 | D:12     | Reached skill level 21 in Slings
 12353 | D:12     | Noticed a seven-headed hydra
 12366 | D:12     | Killed a seven-headed hydra
 12574 | D:12     | Noticed Erolcha
 12588 | D:12     | Killed Erolcha
 12599 | D:12     | Acquired Okawaru's second power
 12630 | D:12     | Noticed an orc knight
 12634 | D:12     | Noticed a hill giant
 13204 | D:13     | Noticed a centaur warrior
 13463 | D:13     | Noticed a centaur warrior
 13485 | D:13     | Killed a centaur warrior
 13490 | D:13     | Reached skill level 10 in Dodging
 13593 | D:13     | Noticed Urug
 13607 | D:13     | Killed Urug
 13607 | D:13     | Received a gift from Okawaru
 13689 | D:13     | Reached XP level 13. HP: 76/84 MP: 11/13
 13899 | D:13     | Paralysed by a potion of paralysis for 2 turns
 14004 | D:13     | Found a flagged portal.
 14024 | D:13     | Killed a centaur warrior
 14033 | Bailey   | Entered a bailey
 14133 | Bailey   | Received a gift from Okawaru
 14298 | Bailey   | HP: 3/85 [orc knight/orcish trident (10)]
 14312 | Bailey   | Reached skill level 22 in Slings
 14328 | Bailey   | HP: 4/85 [orc knight/orcish trident (23)]
 14494 | Bailey   | Received a gift from Okawaru
 14859 | Lair:1   | Entered Level 1 of the Lair of Beasts
 15179 | Lair:1   | Noticed Vidiiot's ghost (powerful OpAs)
 15199 | Lair:1   | Killed Vidiiot's ghost
 15716 | Lair:1   | Received a gift from Okawaru
 16608 | Lair:2   | Received a gift from Okawaru
 18078 | Lair:3   | Received a gift from Okawaru
 18088 | Lair:3   | Got a pair of encrusted gloves {god gift}
 18091 | Lair:3   | Identified the -4 pair of gloves of the Rabble {Stlth-} (Okawaru gifted it to you on level 3 of the Lair of Beasts)
 18190 | Lair:3   | Reached XP level 14. HP: 60/93 MP: 14/14
 18686 | Lair:3   | Reached skill level 10 in Fighting
 20964 | Lair:4   | Received a gift from Okawaru
 21473 | Lair:5   | Found a staircase to the Swamp.
 21671 | Lair:5   | Received a gift from Okawaru
 22575 | Lair:5   | Received a gift from Okawaru
 22660 | Lair:6   | Noticed Zapata's ghost (powerful KoBe)
 22681 | Lair:6   | Killed Zapata's ghost
 22790 | Lair:6   | Received a gift from Okawaru
 22949 | Lair:6   | Identified a scroll of acquirement
 22995 | Lair:6   | Found a staircase to the Slime Pits.
 23084 | Lair:6   | Found a hole to the Spider Nest.
 23131 | Lair:6   | Received a gift from Okawaru
 23432 | Lair:6   | Received a gift from Okawaru
 24297 | Lair:7   | Reached XP level 15. HP: 102/102 MP: 15/15
 24319 | Lair:7   | Reached skill level 15 in Dodging
 24792 | Lair:7   | Received a gift from Okawaru
 25323 | Lair:8   | Entered Level 8 of the Lair of Beasts
 25781 | Lair:7   | Mangled by a death yak

Action                   |  1- 3 |  4- 6 |  7- 9 | 10-12 | 13-15 || total
-------------------------+-------+-------+-------+-------+-------++-------
Melee: Short sword       |    64 |     8 |     9 |       |       ||    81
       Unarmed           |       |       |       |    25 |   238 ||   263
       Sling             |       |       |       |     2 |       ||     2
 Fire: Sling             |    18 |   175 |   446 |  1046 |  1930 ||  3615
Throw: Stone             |       |       |     6 |       |       ||     6
Invok: Heroism           |       |       |       |    21 |    33 ||    54
 Abil: Evoke Flight      |       |       |     1 |     1 |       ||     2
Evoke: Wand              |       |       |       |     9 |    26 ||    35
  Use: Potion            |       |     2 |     1 |    16 |    15 ||    34
       Scroll            |       |    10 |     8 |     9 |     9 ||    36
 Stab: Sleeping          |     1 |       |       |       |       ||     1
